 Dungeon Crawl Stone Soup version 0.31.0-12-g77e489cdc1 (webtiles) character file.

Game seed: 8886342215537704109

994 Gadfly the Insei (level 7, 0/52 HPs)
             Began as a Demonspawn Monk on Feb 11, 2024.
             Was an Initiate of Ru.
             Slain by a gnoll sergeant
             ... wielding a +0 trident of flaming
              (14 damage)
             ... on level 4 of the Dungeon.
             The game lasted 00:05:16 (5056 turns).

Gadfly the Insei (Demonspawn Monk)                  Turns: 5056, Time: 00:05:17

Health: 0/52       AC:  3    Str: 13    XL:     7   Next: 99%
Magic:  7/7        EV: 13    Int: 11    God:    Ru [......]
Gold:   222        SH:  0    Dex: 15    Spells: 6/6 levels left

rFire   . . .        b - +3 mace (venom)
rCold   . . .        c - orb {light}
rNeg    . . .        a - +0 robe
rPois   .            (helmet restricted)
rElec   .            (no cloak)
rCorr   .            g - +0 pair of gloves
SInv    .            (no boots)
Will    .....        (no amulet)
Stlth   +            (no ring)
HPRegen 0.28/turn    (no ring)
MPRegen 0.10/turn

%: no passive effects
@: glowing
A: horns 2, demonic guardian 1, foul stench 1, weakness stinger 1
a: Renounce Religion


You were on level 4 of the Dungeon.
You worshipped Ru.
Ru was noncommittal.
You visited 2 branches of the dungeon, and saw 6 of its levels.

You collected 222 gold pieces.

Inventory:

Hand Weapons
 b - a +3 mace of venom (weapon)
 e - a +0 dagger of flaming
Armour
 a - a +0 robe (worn)
 c - an orb of light (worn)
 g - a +0 pair of gloves (worn)
Scrolls
 d - 4 scrolls of identify
 h - a scroll of enchant armour {unknown}
 i - a scroll of amnesia {unknown}
Potions
 f - a potion of curing
 j - 2 potions of degeneration {unknown}


   Skills:
 - Level 3.0 Fighting
 + Level 4.1 Dodging
 * Level 5.3 Unarmed Combat
 * Level 4.6 Evocations
 * Level 3.8 Shapeshifting


You had 6 spell levels left.
You didn't know any spells.
Your spell library contained the following spells:

 Spells                   Type           Power      Damage    Failure   Level
 Call Imp                 Summ           0%         N/A       47%         2
 Lesser Beckoning         Tloc           0%         N/A       47%         2
 Sublimation of Blood     Necr           0%         N/A       47%         2
 Gell's Gravitas          Tloc           0%         N/A       71%         3
 Teleport Other           Tloc           0%         N/A       71%         3
 Summon Hydra             Summ           0%         N/A       100%        7


Dungeon Overview and Level Annotations

Branches:
Dungeon (5/15)             Temple (1/1) D:5

Altars:
Ashenzari
Cheibriados
Dithmenos
Fedhas
Gozag
Kikubaaqudgha
Makhleb
Okawaru
Qazlal
Ru
Trog
Uskayaw
Wu Jian
Xom
Yredelemnul


Innate Abilities, Weirdness & Mutations

You have a pair of horns on your head.
A weak demonic guardian rushes to your aid.
You may rarely emit foul miasma when damaged in melee.
You have a small tail.


Message History

You are no longer poisoned.
You hear a shout!
A gnoll comes into view. It is wielding a +0 club.
The gnoll sergeant attacks as it pursues you!
The gnoll sergeant barely misses you.
A gnoll comes into view. It is wielding a +0 club.
You see here a +0 short sword.
The gnoll sergeant attacks as it pursues you!
The gnoll sergeant closely misses you. The gnoll sergeant misses you.
There is a stone staircase leading up, spattered with blood here.
The gnoll sergeant closely misses you.
You climb upwards.
There is a stone staircase leading down here.
You start resting.
HP restored.
You climb downwards.
The gnoll sergeant hits you with a +0 trident of flaming.
A demonic guardian appears!
The gnoll sergeant burns you. The gnoll completely misses you.
There is a stone staircase leading up, spattered with blood here.
The gnoll sergeant hits you with a +0 trident of flaming.
The gnoll sergeant burns you. The gnoll closely misses you.
You climb upwards.
Your summoned ally is left behind.
There is a stone staircase leading down here.
The gnoll sergeant blocks your attack.
The gnoll sergeant hits you with a +0 trident of flaming.
The gnoll sergeant burns you. The gnoll barely misses you.
You hit the gnoll sergeant.
The gnoll sergeant is poisoned.
The gnoll sergeant is moderately wounded.
The gnoll sergeant hits you with a +0 trident of flaming!
The gnoll sergeant burns you. The gnoll hits you with a +0 club.
The gnoll sergeant barely misses you. The gnoll hits you with a +0 club.
* * * LOW HITPOINT WARNING * * *
You hit the gnoll sergeant but do no damage.
The gnoll sergeant looks as sick as possible!
You headbutt the gnoll sergeant!
The gnoll sergeant is severely wounded.
The gnoll sergeant hits you with a +0 trident of flaming!
You die...

)..)..........#
#.##.###.##.#
#).)....#######
#......>....# ##....###
####......... ..)....####
####..#.## .......##.##
#..#.## .......#...##
#..)... ............##
#.##.##
.............############
#.##.#
......)........g@g......#
#.#..#
............(##########.#
#.#.## ............## #.#
#.#.### .†.....#...## #.#
#.#.##. ####.####.## #.#
#.#.#.# # #.# #[# #.#
#.#..## # #.# #.# #.#
#.#.## # #.# #.#
#.###.##.## ####.# #.#
#.##..÷##.#


You could see a gnoll sergeant (extremely poisoned) and a gnoll.

Vanquished Creatures
  Grinder (D:3)
  2 ogres (D:5)
  A phantom (D:4)
  A centaur (D:4)
  A bombardier beetle (D:5)
  2 orc priests (D:5)
  An iguana (D:4)
  Terence (D:2)
  4 orc wizards
  A hound zombie (D:3)
  3 gnolls (D:5)
  9 adders
  4 ribbon worms
  2 dart slugs
  7 orcs
  5 endoplasms
  5 giant cockroaches
  4 goblins
  5 hobgoblins
  5 quokkas
  4 ball pythons
  A ball python zombie (D:3)
  6 bats
  2 frilled lizards
  9 kobolds
  4 rats
90 creatures vanquished.

Vanquished Creatures (collateral kills)
  An iguana (D:3)
  An adder (D:3)
  A ribbon worm (D:3)
  A bat (D:3)
4 creatures vanquished.

Grand Total: 94 creatures vanquished

Notes
Turn   | Place    | Note
-------+----------+-------------------------------------------
     0 | D:1      | Gadfly the Demonspawn Monk began the quest for the Orb.
     0 | D:1      | Reached XP level 1. HP: 18/18 MP: 1/1
   230 | D:1      | Gained mutation: A weak demonic guardian rushes to your
                  | aid. [demonic ancestry]
   230 | D:1      | Reached XP level 2. HP: 24/24 MP: 2/2
   475 | D:1      | Reached skill level 3 in Unarmed Combat
   519 | D:1      | Reached skill level 1 in Evocations
   923 | D:1      | Reached skill level 1 in Shapeshifting
  1368 | D:2      | Reached XP level 3. HP: 29/29 MP: 3/3
  1481 | D:2      | Noticed Terence
  1498 | D:2      | Killed Terence
  1627 | D:2      | Discovered your monstrous ancestry.
  1627 | D:2      | Gained mutation: You have a pair of small horns on your
                  | head. [demonic ancestry]
  1627 | D:2      | Reached XP level 4. HP: 34/35 MP: 4/4
  2462 | D:3      | Gained mutation: You have a pair of horns on your head.
                  | [demonic ancestry]
  2462 | D:3      | Reached XP level 5. HP: 39/41 MP: 5/5
  2511 | D:3      | Noticed Grinder
  2537 | D:3      | Paralysed by Grinder for 2 turns
  2541 | D:3      | Killed Grinder
  2542 | D:3      | Reached skill level 4 in Unarmed Combat
  2542 | D:3      | Gained mutation: You may rarely emit foul miasma when
                  | damaged in melee. [demonic ancestry]
  2542 | D:3      | Reached XP level 6. HP: 47/47 MP: 6/6
  3026 | D:3      | Found a basalt altar of Yredelemnul.
  3513 | D:4      | You fall into a shaft and drop 1 floor!
  3513 | D:5      | Entered Level 5 of the Dungeon
  3513 | D:5      | Found a staircase to the Ecumenical Temple.
  3516 | Temple   | Entered the Ecumenical Temple
  3537 | Temple   | Became a worshipper of Ru the Awakened
  3576 | D:4      | Gained mutation: You have a small tail. [demonic ancestry]
  3576 | D:4      | Reached XP level 7. HP: 9/52 MP: 7/7
  4523 | D:5      | Reached skill level 5 in Unarmed Combat
  4737 | D:5      | Found an ornate altar of the Wu Jian Council.
  4810 | D:5      | Found a blossoming altar of Fedhas.
  4826 | D:5      | Found a bloodstained altar of Trog.
  4872 | D:5      | Found an opulent altar of Gozag.
  5056 | D:4      | Slain by a gnoll sergeant

Illustrated notes

Levels and vault maps discovered:
D:1:      dpeg_arrival_three_smaller_balls, layout_loops_corners, serial_forest,
          infiniplex_forest_lined_room_2, infiniplex_forest_corner_2,
          infiniplex_forest_lined_3_way, infiniplex_forest_corner_1,
          infiniplex_forest_end_1, infiniplex_forest_end_2, glass_columns_a
D:2:      layout_basic, uniq_terence
D:3:      layout_rooms, nicolae_overflow_hidden_temple,
          lemuel_zombie_altar_yredelemnul, minmay_close_crescents, uniq_grinder
D:4:      layout_loops_ring
D:5:      layout_rooms, mainiacjoe_overflow_swirl, kennysheep_little_box,
          kennysheep_mini_moat, minmay_temple_entry_sparse_star,
          dreamdust_princess_corridor
Temple:   minmay_temple_bridge_abc

Skill      XL: |  1  2  3  4  5  6  7 |
---------------+----------------------+-----
Unarmed Combat | 3 4 5 |  5.3
Evocations     | 1 2 3 4 |  4.6
Shapeshifting  | 1 2 3 |  3.8
Dodging        | 3 4 |  4.1
Fighting       | |  3.0

Action                     |  1- 3 |  4- 6 |  7- 9 || total
---------------------------+-------+-------+-------++-------
  Melee: Unarmed           |   111 |   138 |    28 ||   277
         Headbutt          |       |    33 |    23 ||    56
         Mace              |       |       |    40 ||    40
         Tailslap          |       |       |     9 ||     9
 Invoke: Reject Sacrifices |       |     1 |       ||     1
    Use: Scroll            |     2 |     3 |     3 ||     8
         Potion            |       |     2 |       ||     2
 Armour: Robe              |    50 |    72 |    48 ||   170
  Dodge: Dodged            |    67 |    71 |    62 ||   200
